 Dungeon Crawl Stone Soup version 0.21-a0-122-g43b3ea6 (webtiles) character file.

66447 Gorglomux the Severer (level 15, -15/207 HPs)
             Began as a Hill Orc Artificer on July 13, 2017.
             Was a High Priest of Okawaru.
             Killed from afar by a frost giant (44 damage)
             ... with a bolt of cold
             ... on level 12 of the Dungeon.
             The game lasted 00:45:26 (21165 turns).

Gorglomux the Severer (Hill Orc Artificer)         Turns: 21165, Time: 00:45:27

Health: -15/207    AC: 26    Str: 26    XL:     15   Next: 19%
Magic:  15/22      EV: 11    Int: 11    God:    Okawaru [*****.]
Gold:   1140       SH: 27    Dex: 21    Spells: 14/14 levels left

rFire    . . .     SeeInvis +   a - +1 broad axe of Diuhauk {god gift, speed, Dex+5}
rCold    . . .     Gourm    .   l - +5 large shield
rNeg     . . .     Faith    .   e - +0 plate armour (curse)
rPois    .         Spirit   .   y - +0 helmet
rElec    .         Reflect  .   m - +2 cloak {+Inv}
rCorr    .         Harm     .   O - +2 pair of gloves
MR       +....                  (no boots)
Stlth    ..........             j - amulet of rage
HPRegen  0.44/turn              s - ring of see invisible
MPRegen  0.18/turn              o - +4 ring of dexterity

@: berserking, heroism, very quick
A: no striking features
a: Heroism, Finesse, Renounce Religion, Evoke Berserk Rage, Evoke Invisibility


You were on level 12 of the Dungeon.
You worshipped Okawaru.
Okawaru was extremely pleased with you.
You were very hungry.

You visited 2 branches of the dungeon, and saw 18 of its levels.
You also visited: Sewer.

You collected 1140 gold pieces.

Inventory:

Hand Weapons
 a - the +1 broad axe of Diuhauk (weapon) {god gift, speed, Dex+5}
   (Okawaru gifted it to you on level 6 of the Lair of Beasts)

   Attacks with this weapon are significantly faster.
   It affects your dexterity (+5).
 b - a +3 hand axe of flaming
Armour
 e - a cursed +0 plate armour (worn)
 l - a +5 large shield (worn)
 m - a +2 cloak of invisibility (worn)
 t - the scarf "Lierur" {rF+ MR+ Str-3}
   (You found it on level 6 of the Dungeon)

   It affects your strength (-3).
   It protects you from fire.
   It affects your resistance to hostile enchantments.
 y - a +0 helmet (worn)
 O - a +2 pair of gloves (worn)
Jewellery
 j - an amulet of rage (around neck)
 o - a +4 ring of dexterity (right hand)
 s - a ring of see invisible (left hand)
Wands
 D - a wand of digging (11/24)
 E - a wand of enslavement (2/24)
 I - a wand of iceblast (8/15)
 P - a wand of paralysis (24/24)
 U - a wand of flame (19/48)
Scrolls
 i - a scroll of fog
 k - 3 scrolls of holy word
 n - a scroll of enchant weapon
 q - 2 scrolls of fear
 v - 2 scrolls of silence
 B - 4 scrolls of blinking
 L - 3 scrolls of immolation
 S - a scroll of recharging
 T - 7 scrolls of teleportation
 Z - 5 scrolls of remove curse
Potions
 h - 4 potions of haste
 r - a potion of resistance
 w - 3 potions of flight
 x - 4 potions of heal wounds
 A - a potion of berserk rage
 C - 2 potions of mutation {!q}
 G - 2 potions of agility
 K - 4 potions of might
 N - a potion of cancellation
 Q - 14 potions of curing
Miscellaneous
 V - a phantom mirror
 X - a phial of floods
 Y - a lamp of fire
Comestibles
 c - 5 royal jellies
 f - 10 bread rations
 z - 10 meat rations
 H - 11 fruits
 W - a chunk of flesh


   Skills:
 + Level 14.2(19.2) Fighting
   Level 1.0(6.0) Short Blades
 - Level 19.0(24.1) Axes
   Level 3.1(16.4) Maces & Flails
 + Level 10.6(15.6) Armour
 + Level 2.1(7.1) Dodging
 - Level 0.7(5.7) Stealth
 + Level 10.7(15.7) Shields
 - Level 9.7 Invocations
 - Level 8.1 Evocations


You had 14 spell levels left.
You didn't know any spells.

Dungeon Overview and Level Annotations

Branches:
Dungeon (12/15)            Temple (0/1) D:6            Lair (6/6) D:10
 Shoals (0/4) Lair:3        Snake (0/4) Lair:3          Orc (0/2) D:11
  Slime: Lair:5-6

Altars:
Ashenzari
Elyvilon
Gozag
Makhleb
Okawaru
Qazlal
Ru
Trog
Wu Jian
Xom
Yredelemnul
The Shining One

Annotations:
Lair:6 exclusion: oklob plant


Message History

You hit the orc. You block the orc's attack.
You can now deal lightning-fast blows.
The frost giant casts a spell at you.
The bolt of cold misses you. x2; The bolt of cold hits the frost giant.
The frost giant resists.
A red film seems to cover your vision as you go berserk!
Your finesse ends abruptly.
You feel yourself moving faster!
You feel mighty!
You are feeling very hungry.
You block the orc's attack. You block the frost giant's attack.
You open the frost giant like a pillowcase!!!
The frost giant is severely wounded.
You closely miss the orc. You block the orc's attack.
You hit the frost giant.
The frost giant is severely wounded.
You closely miss the orc. The frost giant casts a spell at you.
The bolt of cold hits you!
* * * LOW HITPOINT WARNING * * *
The bolt of cold hits you!
You die...

.#.#,,,,*
.#.#*,,**
.#.#,,,,*
#(.#######
.#.....#.## *###
#)#...#.#.#####..#
.#)#.#.#.......###
..#.#.#..######o.#
...#.#...#,*,#.C@#
..#.#.#..#.....#.#
.#.#.#.#.#.....#.#
#.#...#.##.#.#...#
.#....,#.#*#######
#*****,,##
*,,,,*,** **,,**,*
*,,,,*,*


You could see a frost giant and an orc.

Vanquished Creatures
  The ghost of meatball the Grappler, a journeyman TrMo of Makhleb (Lair:6)
  Snorg (Lair:5)
  A fire dragon (Lair:6)
  Harold (D:12)
  Fannar (D:12)
  A two-headed ogre (D:12)
  8 hydras
  A catoblepas (Lair:3)
  4 death yaks (Lair:4)
  3 skeletal warriors (D:12)
  An unseen horror (D:12)
  Pikel (D:7)
  2 lindwurms
  4 cyclopes (D:12)
  6 ugly things
  A centaur zombie (D:9)
  12 black mambas
  4 elephants (Lair:6)
  2 torpor snails
  3 molten gargoyles (Lair:6)
  12 spiny frogs
  A gargoyle (D:11)
  2 rime drakes (Lair:6)
  A kobold demonologist (D:12)
  13 komodo dragons
  A freezing wraith (D:12)
  4 trolls
  Grinder (D:6)
  5 polar bears
  12 blink frogs
  2 hornets
  A slime creature (D:11)
  8 hippogriffs
  4 dream sheep (Lair:2)
  53 yaks
  A shadow (D:12)
  Grum (D:8)
  A wraith (D:12)
  A vampire (D:9)
  9 basilisks
  Eustachio (D:6)
  4 wyverns
  3 hungry ghosts
  2 steam dragons (Lair:6)
  Edmund (D:6)
  Menkaure (D:7)
  17 water moccasins
  An acid dragon (D:12)
  A soldier ant (D:12)
  3 hell hounds (Lair:6)
  5 hounds
  12 porcupines
  A sky beast (D:7)
  4 orc warriors
  3 phantoms
  20 wolves
  2 ice beasts
  7 centaurs
  10 ogres
  10 crocodiles
  5 big kobolds
  A gnoll sergeant (D:11)
  A wyvern zombie (D:6)
  6 bullfrogs
  4 wights (D:6)
  4 jellies
  17 killer bees
  9 howler monkeys
  4 electric eels (D:11)
  5 lava snakes (Lair:6)
  3 quasits
  4 crimson imps
  3 centaur skeletons
  A gnoll shaman (D:9)
  Crazy Yiuf (D:7)
  3 bullfrog skeletons
  2 iguanas
  7 orc wizards
  10 worker ants
  7 hell rats (Lair:4)
  A hound zombie (D:10)
  A hound skeleton (D:6)
  2 worker ant zombies
  16 gnolls
  20 adders
  3 shadow imps
  5 oozes
  2 adder skeletons
  3 worms
  2 dart slugs
  12 leopard geckos
  25 orcs
  9 giant cockroaches
  8 goblins
  7 hobgoblins
  16 jackals
  3 quokkas
  5 ball pythons
  6 bats
  5 frilled lizards
  A goblin skeleton (D:5)
  A goblin zombie (D:5)
  3 hobgoblin zombies (D:5)
  A jackal skeleton (D:4)
  22 kobolds
  An orc zombie (D:5)
  10 rats
  13 fungi
  3 plants
602 creatures vanquished.

Vanquished Creatures (collateral kills)
  An ogre (D:4)
  A hound (D:4)
  A worm (D:4)
  4 orcs (D:5)
7 creatures vanquished.

Vanquished Creatures (others)
  A slave (D:7)
  An ogre (D:4)
  2 hounds
  A centaur skeleton (D:5)
  2 adders (D:7)
  An adder zombie (D:7)
  A bush (Lair:6)
  26 fungi
  11 plants
46 creatures vanquished.

Grand Total: 655 creatures vanquished

Notes
Turn   | Place    | Note
-------+----------+-------------------------------------------
     0 | D:1      | Gorglomux the Hill Orc Artificer began the quest for the Orb.
     0 | D:1      | Reached XP level 1. HP: 16/16 MP: 3/3
   192 | D:1      | Reached skill level 1 in Armour
   192 | D:1      | Reached XP level 2. HP: 16/24 MP: 4/4
  1213 | D:1      | Reached XP level 3. HP: 30/30 MP: 5/5
  1943 | D:2      | Reached XP level 4. HP: 37/37 MP: 6/6
  2026 | D:2      | Reached skill level 3 in Fighting
  2146 | D:2      | Reached skill level 1 in Maces & Flails
  3616 | D:4      | Found a stormy altar of Qazlal.
  3641 | D:4      | Noticed an ogre
  3716 | D:3      | Reached skill level 1 in Shields
  4064 | D:4      | Reached XP level 5. HP: 44/45 MP: 7/7
  4081 | D:4      | Found a glowing drain.
  4106 | D:4      | Found a shimmering altar of Xom.
  4124 | D:4      | Noticed an ogre
  4133 | D:4      | Killed an ogre
  4142 | D:4      | Reached skill level 3 in Shields
  4198 | D:4      | Killed a hound
  4198 | D:4      | Reached XP level 6. HP: 37/51 MP: 8/8
  4277 | Sewer    | Entered a sewer
  4322 | Sewer    | Reached skill level 3 in Armour
  4498 | Sewer    | Reached XP level 7. HP: 25/59 MP: 9/9
  4932 | D:4      | Reached skill level 3 in Maces & Flails
  5092 | D:4      | Reached skill level 1 in Axes
  5093 | D:4      | Found an iron altar of Okawaru.
  5130 | D:4      | Became a worshipper of Warmaster Okawaru
  5300 | D:4      | Reached skill level 2 in Axes
  5495 | D:5      | Entered Level 5 of the Dungeon
  5800 | D:5      | Reached skill level 3 in Axes
  5875 | D:5      | Reached skill level 4 in Axes
  6307 | D:5      | Found a glowing golden altar of the Shining One.
  6320 | D:5      | Reached skill level 5 in Axes
  6322 | D:5      | Reached XP level 8. HP: 55/67 MP: 10/10
  6617 | D:6      | Noticed Eustachio
  6665 | D:5      | Reached skill level 6 in Axes
  6682 | D:6      | Killed Eustachio
  6682 | D:6      | Reached * piety under Okawaru
  6682 | D:6      | Reached skill level 7 in Axes
  6704 | D:6      | Got a slimy scarf
  6715 | D:6      | Identified the scarf "Lierur" {rF+ MR+ Str-3} (You found it on level 6 of the Dungeon)
  6749 | D:6      | Reached skill level 8 in Axes
  6910 | D:6      | Reached skill level 9 in Axes
  7056 | D:6      | Noticed Grinder
  7118 | D:6      | Reached ** piety under Okawaru
  7128 | D:6      | Killed Grinder
  7128 | D:6      | Reached skill level 10 in Axes
  7128 | D:6      | Reached XP level 9. HP: 61/72 MP: 8/11
  7170 | D:6      | Found a white marble altar of Elyvilon.
  7173 | D:6      | Found a burning altar of Makhleb.
  7215 | D:6      | Found a staircase to the Ecumenical Temple.
  7224 | D:6      | Noticed Edmund
  7242 | D:6      | Killed Edmund
  7242 | D:6      | Reached skill level 11 in Axes
  7289 | D:6      | Found a basalt altar of Yredelemnul.
  7828 | D:7      | Reached skill level 12 in Axes
  7961 | D:7      | Noticed Pikel
  7988 | D:7      | Killed Pikel
  7988 | D:7      | Reached *** piety under Okawaru
  7988 | D:7      | Reached skill level 13 in Axes
  8144 | D:7      | Noticed Menkaure
  8160 | D:7      | Killed Menkaure
  8160 | D:7      | Reached skill level 14 in Axes
  8167 | D:7      | Reached XP level 10. HP: 56/80 MP: 10/12
  8216 | D:7      | Found a sacrificial altar of Ru.
  8338 | D:7      | Found a runed door.
  8670 | D:7      | Noticed Crazy Yiuf
  8672 | D:7      | Killed Crazy Yiuf
  8744 | D:8      | Reached **** piety under Okawaru
  8840 | D:8      | Found a shattered altar of Ashenzari.
  8913 | D:8      | Noticed Grum
  8924 | D:8      | Reached skill level 15 in Axes
  8942 | D:8      | Killed Grum
  9131 | D:8      | Paralysed by a hornet for 2 turns
  9242 | D:8      | Found an opulent altar of Gozag.
  9684 | D:9      | Found an ornate altar of the Wu Jian Council.
  9738 | D:9      | Found a bloodstained altar of Trog.
  9764 | D:9      | Reached skill level 1 in Invocations
 10003 | D:9      | Got an ancient hand axe
 10126 | D:9      | Reached skill level 3 in Invocations
 10221 | D:9      | Reached ***** piety under Okawaru
 10231 | D:9      | Reached skill level 6 in Fighting
 10242 | D:9      | Reached XP level 11. HP: 91/91 MP: 12/14
 10360 | D:9      | Received a gift from Okawaru
 10761 | D:10     | Entered Level 10 of the Dungeon
 11125 | D:10     | Identified the +9 hand axe of Zic Jib {elec, rElec rC- rN+ Str+6} (You found it on level 9 of the Dungeon)
 11558 | D:10     | Found a staircase to the Lair.
 11617 | D:10     | Reached skill level 6 in Invocations
 11815 | D:11     | Reached skill level 6 in Evocations
 12809 | D:11     | Found a staircase to the Orcish Mines.
 12864 | D:11     | Reached skill level 9 in Fighting
 13056 | D:11     | Received a gift from Okawaru
 13066 | D:11     | Noticed a white ugly thing
 13075 | D:11     | Killed a green ugly thing
 13143 | Lair:1   | Entered Level 1 of the Lair of Beasts
 13148 | Lair:1   | Reached XP level 12. HP: 105/105 MP: 18/18
 13351 | Lair:1   | Reached skill level 9 in Invocations
 14480 | Lair:2   | Reached ****** piety under Okawaru
 14530 | Lair:2   | Found a dark tunnel.
 14712 | Lair:2   | Noticed an eight-headed hydra
 14720 | Lair:2   | Killed a four-headed hydra
 14720 | Lair:2   | Received a gift from Okawaru
 14720 | Lair:2   | Reached skill level 6 in Shields
 15059 | Lair:3   | Reached skill level 6 in Armour
 15344 | Lair:3   | Received a gift from Okawaru
 15387 | Lair:3   | Found a staircase to the Shoals.
 15392 | Lair:3   | Reached XP level 13. HP: 93/117 MP: 17/20
 15621 | Lair:3   | Reached skill level 12 in Fighting
 15894 | Lair:3   | Found a staircase to the Snake Pit.
 16617 | Lair:4   | Received a gift from Okawaru
 16833 | Lair:4   | Reached skill level 9 in Shields
 17462 | Lair:5   | Noticed Snorg
 17470 | Lair:5   | Reached skill level 9 in Armour
 17478 | Lair:5   | Killed Snorg
 17954 | Lair:6   | Entered Level 6 of the Lair of Beasts
 18023 | Lair:6   | Reached XP level 14. HP: 126/129 MP: 21/21
 18191 | Lair:6   | Noticed meatball's ghost (journeyman TrMo)
 18212 | Lair:6   | Killed meatball's ghost
 18335 | Lair:6   | Received a gift from Okawaru
 18365 | Lair:6   | Got a twisted broad axe {god gift}
 18366 | Lair:6   | Identified the +1 broad axe of Diuhauk {god gift, speed, Dex+5} (Okawaru gifted it to you on level 6 of the Lair of Beasts)
 18522 | Lair:6   | Reached skill level 16 in Axes
 19107 | Lair:6   | Reached skill level 17 in Axes
 19364 | Lair:6   | Received a gift from Okawaru
 19479 | Lair:6   | Found a large runed door.
 19480 | Lair:6   | Found a large runed door.
 20253 | D:12     | Reached skill level 18 in Axes
 20329 | D:12     | Noticed Harold
 20346 | D:12     | Killed Harold
 20702 | D:12     | Reached XP level 15. HP: 112/138 MP: 20/22
 21009 | D:12     | Noticed Fannar
 21031 | D:12     | Killed Fannar
 21031 | D:12     | Reached skill level 19 in Axes
 21155 | D:12     | Noticed a frost giant
 21165 | D:12     | Killed from afar by a frost giant

Vault maps used:
D:1:      scummos_arrival_gate, minmay_misc_feat_pillars, kennysheep_crisscross
D:2:      kennysheep_generic_room_3
D:3:      first_bread
D:4:      cheibrodos_old_hovel, nicolae_overflow_crystal_walls,
          okawaru_altar_gauntlet_db, portal_sewer_entry_f,
          brannock_xom_greatest_gift
D:5:      nicolae_tso_besieged_by_evil, dk_noncrumbling_4, lemuel_flame_loot_1
D:6:      gammafunk_temple_overflow_pools, temple_pool_b, basic_altar,
          uniq_eustachio, uniq_edmund, uniq_grinder
D:7:      hangedman_ru_absence, uniq_pikel, uniq_crazy_yiuf_cottage,
          uniq_menkaure
D:8:      cheibrodos_ashenzari_chains, kennysheep_mini, abandoned_shop,
          uniq_grum
D:9:      bloody_trog, overflow_temple_1_default
D:10:     nicolae_whirlpool, lair_entry_dummy
D:11:     wad_lake_hut, kennysheep_orc_monster_closet_entryway
D:12:     minmay_tearing_corner, uniq_harold, uniq_fannar
Lair:2:   beast_lair_carwin_large_2, lightli_volcano_entry_magma_tube
Lair:3:   shoals_dummy_entry, minmay_snake_entry_six_corridors,
          nicolae_lair_grove_arrangements
Lair:4:   beast_lair_carwin_5, grunt_megastairs_1
Lair:5:   grunt_megastairs_5, infiniplex_staircase_pool_2, uniq_snorg
Lair:6:   cheibrodos_lair_end_hotspot, minmay_slime_entry_oklob_open
Sewer:    kennysheep_pipe_town

Skill      XL: |  1  2  3  4  5  6  7  8  9 10 11 12 13 14 15 |
---------------+----------------------------------------------+-----
Fighting       | 2 3 4 6 9 11 13 14 | 14.2
Armour         | 1 2 3 6 9 10 | 10.6
Maces & Flails | 1 2 3 |  3.1
Shields        | 1 4 6 9 10 | 10.7
Axes           | 5 10 14 15 18 19 | 19.0
Invocations    | 4 8 9 |  9.7
Evocations     | 4 7 8 |  8.1
Dodging        | 2 |  2.1
Short Blades   | |  1.0
Stealth        | |  0.7

Action                   |  1- 3 |  4- 6 |  7- 9 | 10-12 | 13-15 || total
-------------------------+-------+-------+-------+-------+-------++-------
Melee: Short sword       |   124 |       |       |       |       ||   124
       Whip              |    35 |   375 |    88 |       |       ||   498
       War axe           |       |       |   328 |   247 |       ||   575
       Hand axe          |       |       |       |   396 |   380 ||   776
       Broad axe         |       |       |       |       |   442 ||   442
 Fire: Blowgun           |       |    18 |     3 |       |       ||    21
Throw: Stone             |    17 |       |       |       |       ||    17
Invok: Heroism           |       |       |     6 |    18 |    23 ||    47
       Finesse           |       |       |       |       |     6 ||     6
 Abil: Evoke Invisibilit |       |       |       |    10 |     8 ||    18
       Evoke Berserk Rag |       |       |       |     4 |     6 ||    10
Evoke: Wand              |     4 |     9 |    16 |    21 |       ||    50
  Use: Scroll            |       |     2 |     6 |    16 |    11 ||    35
       Potion            |       |     1 |       |     1 |       ||     2
 Stab: Sleeping          |     1 |       |       |       |       ||     1
       Invisible         |       |       |       |    21 |    42 ||    63
  Eat: Chunk             |     3 |     9 |    10 |    32 |    22 ||    76
       Fruit             |       |       |     1 |     1 |       ||     2
       Royal jelly       |       |       |     1 |       |       ||     1
       Meat ration       |       |       |       |       |     1 ||     1
Armor: Leather armour    |    38 |       |       |       |       ||    38
       Scale mail        |    20 |   203 |   209 |   109 |       ||   541
       Plate armour      |       |       |       |    79 |   167 ||   246
Dodge: Dodged            |    85 |   213 |   207 |   179 |    56 ||   740
Block: Buckler           |       |    55 |    95 |    67 |       ||   217
       Large shield      |       |       |       |   243 |   554 ||   797
